 Dungeon Crawl Stone Soup version 0.23-a0-8-gb809bb70e4 (webtiles) character file.

74 Peacelily the Chopper (level 4, 0/40 HPs)
             Began as a Minotaur Berserker on Aug 1, 2018.
             Was a Believer of Trog.
             Slain by an adder (3 damage)
             ... on level 2 of the Dungeon.
             The game lasted 00:01:42 (1048 turns).

Peacelily the Chopper (Minotaur Berserker)          Turns: 1048, Time: 00:01:43

Health: 0/40       AC:  2    Str: 21    XL:     4   Next: 10%
Magic:  3/3        EV: 12    Int:  5    God:    Trog [**....]
Gold:   66         SH:  0    Dex: 10    Spells: 3/3 levels left

rFire    . . .     SeeInvis .   a - +0 hand axe
rCold    . . .     Gourm    .   (no shield)
rNeg     . . .     Faith    .   b - +0 animal skin
rPois    .         Spirit   .   (helmet restricted)
rElec    .         Reflect  .   (no cloak)
rCorr    .         Harm     .   (no gloves)
MR       .....                  (no boots)
Stlth    +.........             (no amulet)
HPRegen  0.13/turn              (no ring)
MPRegen  0.08/turn              (no ring)

@: lethally poisoned (0 -> -3)
A: retaliatory headbutt, horns 2
a: Berserk, Trog's Hand, Renounce Religion


You were on level 2 of the Dungeon.
You worshipped Trog.
Trog was pleased with you.
You were hungry.

You visited 1 branch of the dungeon, and saw 2 of its levels.

You collected 66 gold pieces.

Inventory:

Hand Weapons
 a - a +0 hand axe (weapon)
Armour
 b - a +0 animal skin (worn)
Jewellery
 d - a +3 ring of evasion {unknown}
Scrolls
 e - a scroll of teleportation {unknown}
 f - 3 scrolls of blinking {unknown}
 i - 3 scrolls of remove curse {unknown}
 j - 6 scrolls of identify {unknown}
Potions
 g - 2 potions of degeneration {unknown}
 h - a potion of cancellation {unknown}
 k - a potion of might {unknown}
 l - a potion of lignification {unknown}
 m - a potion of mutation {unknown}
Comestibles
 c - 5 rations


   Skills:
 + Level 4.3 Fighting
 + Level 4.9 Axes
 + Level 2.7 Armour
 + Level 2.9 Dodging


You had 3 spell levels left.
You didn't know any spells.
Your spell library was empty.

Dungeon Overview and Level Annotations

Branches:
Dungeon (2/15)

Altars:
Wu Jian


Innate Abilities, Weirdness & Mutations

You reflexively headbutt those who attack you in melee.
You have a pair of horns on your head.


Message History

You barely miss the adder. The giant cockroach closely misses you.
You furiously retaliate!
You headbutt the giant cockroach!
You kill the giant cockroach!
Trog accepts your kill. The adder bites you.
* * * LOW HITPOINT WARNING * * *
You are poisoned.
The adder poisons you! The kobold hits you but does no damage.
The adder closely misses you.
You barely miss the kobold. Your headbutt misses the kobold.
The kobold is moderately wounded.
You miss the adder.
You feel sick. The kobold hits you but does no damage. The adder bites you.
* * * LOW HITPOINT WARNING * * *
You hit the kobold.
The kobold is severely wounded.
You closely miss the adder.
* * * LOW HITPOINT WARNING * * *
You feel sick. The adder bites you.
You die...

#### ###############...
##.....##.....#....
##.........#.#......
#..........._.......
#..........#.#......
#...............[...
##.....†.............
#...@S...............
#..††K...............
......................>.
.......w....#...........
..(.=<..#.........#.....
..................##....
.%....#........... ##...
<............... ####
......###...... ##..


You could see a worm, an adder and a kobold.

Vanquished Creatures
  An adder (D:2)
  2 worms (D:2)
  2 dart slugs (D:1)
  3 leopard geckos
  5 giant cockroaches
  7 goblins
  3 hobgoblins
  2 jackals (D:2)
  3 quokkas (D:2)
  8 bats
  6 frilled lizards (D:1)
  5 kobolds
  6 rats
53 creatures vanquished.

Notes
Turn   | Place    | Note
-------+----------+-------------------------------------------
     0 | D:1      | Peacelily the Minotaur Berserker began the quest for the Orb.
     0 | D:1      | Reached XP level 1. HP: 19/19 MP: 0/0
    76 | D:1      | Reached XP level 2. HP: 19/27 MP: 1/1
   407 | D:1      | Reached XP level 3. HP: 22/33 MP: 2/2
   656 | D:1      | Reached ** piety under Trog
  1013 | D:2      | Found an ornate altar of the Wu Jian Council.
  1032 | D:2      | Reached XP level 4. HP: 13/40 MP: 3/3
  1048 | D:2      | Slain by an adder

Vault maps used:
D:1:      dpeg_arrival_long_road
D:2:      minmay_door_path, gammafunk_temple_overflow_arena,
          lemuel_crystal_altar

Skill      XL: |  1  2 |
---------------+-------+-----
Axes           | 4 |  4.9
Fighting       | 4 |  4.3
Armour         | |  2.7
Dodging        | |  2.9

Action                   |  1- 3 |  4- 6 || total
-------------------------+-------+-------++-------
Melee: Hand axe          |    91 |     8 ||    99
       Headbutt          |    13 |     1 ||    14
Armor: Animal skin       |    15 |       ||    15
Dodge: Dodged            |    55 |    18 ||    73

Table legend:
 A = Spawn XP
 B = Non-spawn XP
 C = Spawn XP percentage of total XP
 D = Spawn monster count
 E = Non-spawn monster count
 F = Spawn count percentage of total count
 G = Total turns spent on level
                    A         B        C        D         E        F      G
               +---------+---------+-------+---------+---------+-------+---------
         Total |       0 |     107 |   0.0 |       0 |      53 |   0.0 |  1048
               +---------+---------+-------+---------+---------+-------+---------
           D:1 |       0 |      49 |   0.0 |       0 |      29 |   0.0 |   738
           D:2 |       0 |      58 |   0.0 |       0 |      24 |   0.0 |   310
               +---------+---------+-------+---------+---------+-------+---------
